[Event "Cracovia Festival-A 2023"]
[Site "Krakow"]
[Date "2023.12.29"]
[Round "3.43"]
[White "Selbes, Tamer Tarik"]
[Black "Zarnowski, Krzysztof"]
[Result "1/2-1/2"]
[ECO "A06"]
[WhiteElo "2185"]
[BlackElo "2114"]
[Annotator "ChessBase"]
[PlyCount "179"]
[EventDate "2023.12.24"]
[EventType "swiss"]
[EventCountry "POL"]
[SourceTitle "playchess.com"]
[Source "ChessBase"]
[SourceQuality "1"]
[TimeControl "40/5400+30:1800+30"]

1. Nf3 d5 2. c4 c6 3. g3 Nf6 4. Bg2 Bf5 5. O-O e6 6. d4 h6 7. Nc3 Nbd7 8. cxd5 exd5 9. Ne5 Be7 10. Qb3 Qb6 11. Nxd7 Bxd7 12. Qxb6 axb6 13. f3 b5 14. e4 b4 15. Ne2 dxe4 16. fxe4 Be6 17. Nf4 Bc4 18. Re1 Rxa2 19. Rxa2 Bxa2 20. Bd2 Bc4 21. Rc1 Bb5 22. e5 Nd7 23. e6 Nf6 24. d5 c5 25. Re1 Bd6 26. h4 g5 27. hxg5 hxg5 28. Nh3 Bxg3 29. Ra1 Ke7 30. Bxg5 Be5 31. Be3 b6 32. Ra7+ Kd6 33. Ng5 Bh2+ 34. Kf2 Ng4+ 35. Ke1 Bg3+ 36. Kd2 Ne5 37. Ne4+ Kxd5 38. Nxg3+ Kxe6 39. Bf1 Rh2+ 40. Kd1 Bxf1 41. Nxf1 Rxb2 42. Ra6 Kd5 43. Rxb6 c4 44. Rb5+ Ke6 45. Bd4 Rb1+ 46. Ke2 Nc6 47. Bg7 f6 48. Rb6 Rb2+ 49. Ke1 Kd6 50. Bxf6 c3 51. Ne3 Kc5 52. Ra6 Rb1+ 53. Ke2 Rb2+ 54. Kd1 Rf2 55. Bg7 Rf7 56. Bh8 Rf8 57. Bg7 Rg8 58. Nf5 Rd8+ 59. Kc1 Kb5 60. Ra1 Rd5 61. Ne3 Rg5 62. Bf6 Rg6 63. Bh8 Rg1+ 64. Nd1 Na5 65. Kc2 Rg2+ 66. Kd3 Rd2+ 67. Ke4 c2 68. Ne3 Nb3 69. Nxc2 Nxa1 70. Nxa1 Kc4 71. Ke3 Ra2 72. Bg7 Rg2 73. Bf6 Ra2 74. Bg7 Ra7 75. Bf6 b3 76. Kd2 Rf7 77. Be5 Rf5 78. Bg7 Rf2+ 79. Kc1 Rf1+ 80. Kb2 Rf2+ 81. Kb1 Kb4 82. Be5 Re2 83. Bg7 Ka3 84. Bf8+ Ka4 85. Bg7 Kb4 86. Bf8+ Kc3 87. Bg7+ Kc4 88. Kc1 b2+ 89. Bxb2 Rxb2 90. Kxb2 1/2-1/2

[Event "Cracovia Festival-A 2023"]
[Site "Krakow"]
[Date "2023.12.29"]
[Round "3.44"]
[White "Szczurek, Krzysztof"]
[Black "van der Merwe, Alexander"]
[Result "1/2-1/2"]
[ECO "A05"]
[WhiteElo "2175"]
[BlackElo "2113"]
[Annotator "ChessBase"]
[PlyCount "83"]
[EventDate "2023.12.24"]
[EventType "swiss"]
[EventCountry "POL"]
[SourceTitle "playchess.com"]
[Source "ChessBase"]
[SourceQuality "1"]
[TimeControl "40/5400+30:1800+30"]

1. Nf3 Nf6 2. b3 g6 3. Bb2 Bg7 4. c4 O-O 5. e3 c6 6. d4 d5 7. Bd3 a5 8. Nc3 Na6 9. O-O Nb4 10. Bb1 c5 11. dxc5 dxc4 12. Qxd8 Rxd8 13. Nd4 Nd7 14. Na4 Rb8 15. a3 Na6 16. c6 Ne5 17. bxc4 Nxc6 18. Nxc6 bxc6 19. Bxg7 Kxg7 20. Be4 Be6 21. Rac1 c5 22. Bc6 Bd7 23. Bxd7 Rxd7 24. Rc3 e6 25. g3 Kf6 26. Kg2 Ke7 27. Kf3 Rdb7 28. Rd1 Rb3 29. Rcd3 Rxd3 30. Rxd3 Rb1 31. Ke2 h5 32. h4 Rb7 33. Kd2 Rd7 34. Nc3 Rb7 35. Kc2 Nb8 36. f4 f5 37. Nb5 Nd7 38. Rb3 Rb6 39. Nc3 Kd6 40. Nb5+ Ke7 41. Nc3 Kd6 42. Nb5+ 1/2-1/2

[Event "Cracovia Festival-A 2023"]
[Site "Krakow"]
[Date "2023.12.29"]
[Round "3.45"]
[White "Biesiadecki, Adam"]
[Black "Loftgaard, Mikkel Vinh"]
[Result "1/2-1/2"]
[ECO "E48"]
[WhiteElo "2102"]
[BlackElo "2322"]
[Annotator "ChessBase"]
[PlyCount "154"]
[EventDate "2023.12.24"]
[EventType "swiss"]
[EventCountry "POL"]
[SourceTitle "playchess.com"]
[Source "ChessBase"]
[SourceQuality "1"]
[TimeControl "40/5400+30:1800+30"]

1. d4 Nf6 2. c4 e6 3. Nc3 Bb4 4. e3 O-O 5. Bd3 d5 6. cxd5 exd5 7. Nge2 c5 8. O-O Nc6 9. a3 cxd4 10. axb4 dxc3 11. bxc3 Qc7 12. Ng3 Ne5 13. Qc2 h5 14. h4 Qe7 15. Ne2 Nfg4 16. g3 Nf3+ 17. Kh1 Nxh4 18. Nf4 Ne5 19. b5 Nxd3 20. Qxd3 Bf5 21. Qd1 Nf3 22. Ba3 Qe4 23. Bxf8 Kxf8 24. Qxd5 Nd2+ 25. f3 Qxd5 26. Nxd5 Nxf1 27. Rxf1 Bd3 28. Ra1 Rd8 29. e4 f5 30. Nc7 Rc8 31. Ne6+ Kf7 32. exf5 Bxb5 33. Nd4 Bd3 34. Rxa7 Ba6 35. Nb3 Rxc3 36. Na5 Rc7 37. Ra8 Rc5 38. Nb3 Rxf5 39. Kg2 Rb5 40. Nd4 Rb2+ 41. Kg1 Bc4 42. Rc8 b5 43. Rc7+ Kf6 44. f4 Rd2 45. Nf3 Rd1+ 46. Kf2 Bd5 47. Ne5 b4 48. Ke2 Rg1 49. Nd3 b3 50. Rc5 Ke6 51. Ke3 Kd6 52. Kd4 Bf7 53. Rg5 g6 54. Kc3 Rg2 55. f5 Rc2+ 56. Kd4 gxf5 57. Rxf5 Ke6 58. Rb5 Kf6 59. Rb6+ Kf5 60. Rb5+ Kf6 61. Rb6+ Kg5 62. Rb5+ Kg4 63. Ne5+ Kxg3 64. Nxf7 b2 65. Rb3+ Kf4 66. Ne5 Re2 67. Nd3+ Kg4 68. Nxb2 h4 69. Rb8 h3 70. Nd3 h2 71. Rg8+ Kf3 72. Rf8+ Kg4 73. Rg8+ Kf5 74. Rh8 Kg5 75. Rg8+ Kf5 76. Rf8+ Kg6 77. Rh8 Ra2 1/2-1/2

[Event "Cracovia Festival-A 2023"]
[Site "Krakow"]
[Date "2023.12.29"]
[Round "3.46"]
[White "Gaurav Rajesh Zagade"]
[Black "Panek, Bartosz"]
[Result "1/2-1/2"]
[ECO "D35"]
[WhiteElo "2126"]
[BlackElo "2232"]
[Annotator "ChessBase"]
[PlyCount "80"]
[EventDate "2023.12.24"]
[EventType "swiss"]
[EventCountry "POL"]
[SourceTitle "playchess.com"]
[Source "ChessBase"]
[SourceQuality "1"]
[TimeControl "40/5400+30:1800+30"]

1. d4 Nf6 2. c4 e6 3. Nc3 d5 4. cxd5 Nxd5 5. e4 Nxc3 6. bxc3 c5 7. Rb1 Be7 8. Nf3 O-O 9. h4 b6 10. h5 cxd4 11. cxd4 h6 12. Rh3 Qc7 13. Rg3 Kh8 14. Bxh6 gxh6 15. Qd2 Kh7 16. e5 Ba6 17. Bxa6 Nxa6 18. Qd3+ Kh8 19. Qxa6 Qc2 20. Rd1 Bb4+ 21. Nd2 Rg8 22. Qb7 Raf8 23. Rb3 Ba5 24. Qf3 Rg5 25. g3 Qxa2 26. Ke2 Rf5 27. Qd3 Rd8 28. Qe3 Rg5 29. Rd3 Qc2 30. Rh1 Bb4 31. Rh4 a5 32. Rf4 Kg7 33. Qf3 Rd7 34. Rg4 Rxg4 35. Qxg4+ Kh7 36. Qe4+ Kg7 37. Qg4+ Kf8 38. Qf4 Kg7 39. Qg4+ Kh7 40. Qe4+ Kg7 1/2-1/2

[Event "Cracovia Festival-A 2023"]
[Site "Krakow"]
[Date "2023.12.29"]
[Round "3.47"]
[White "Leskiewicz, Ignacy"]
[Black "Katsanis, Vasileios Dim"]
[Result "1/2-1/2"]
[ECO "A06"]
[WhiteElo "2177"]
[BlackElo "2133"]
[Annotator "ChessBase"]
[PlyCount "117"]
[EventDate "2023.12.24"]
[EventType "swiss"]
[EventCountry "POL"]
[SourceTitle "playchess.com"]
[Source "ChessBase"]
[SourceQuality "1"]
[TimeControl "40/5400+30:1800+30"]

1. Nf3 d5 2. b3 Nf6 3. Bb2 c6 4. e3 Bg4 5. h3 Bxf3 6. Qxf3 g6 7. d4 Nbd7 8. Bd3 Bg7 9. O-O O-O 10. c4 Qc7 11. cxd5 Nxd5 12. Rc1 N7b6 13. Bf1 Rad8 14. Na3 e5 15. e4 Ne7 16. d5 Qd7 17. dxc6 Nxc6 18. Nc4 Nc8 19. Qg3 Qe6 20. Ba3 Rfe8 21. Ne3 Nd6 22. Bxd6 Qxd6 23. Kh1 Nd4 24. Rd1 Rc8 25. a4 Rc3 26. Bc4 Qf8 27. Rac1 Rxc1 28. Rxc1 Bh6 29. Qh4 Nc6 30. Rd1 Bxe3 31. fxe3 Qe7 32. Qg4 Rd8 33. Rf1 Rf8 34. h4 Kg7 35. h5 Nd8 36. a5 a6 37. Rd1 Ne6 38. Qg3 Ng5 39. Bd5 gxh5 40. Bxb7 Rb8 41. Bd5 Rc8 42. b4 f6 43. Qe1 Rc2 44. b5 axb5 45. a6 h4 46. Rd2 Rxd2 47. Qxd2 Qa3 48. Bb7 b4 49. Qd7+ Kh6 50. Qe7 Qc1+ 51. Kh2 Qxe3 52. Qxf6+ Kh5 53. Bc6 Qg3+ 54. Kh1 Qe1+ 55. Kh2 Qg3+ 56. Kg1 Nh3+ 57. Kh1 Nf2+ 58. Kg1 Nh3+ 59. Kh1 1/2-1/2

[Event "Cracovia Festival-A 2023"]
[Site "Krakow"]
[Date "2023.12.29"]
[Round "3.48"]
[White "Zalega, Maciej"]
[Black "Kovalevsky, Stanislav"]
[Result "1-0"]
[ECO "B15"]
[WhiteElo "2113"]
[BlackElo "2163"]
[Annotator "ChessBase"]
[PlyCount "115"]
[EventDate "2023.12.24"]
[EventType "swiss"]
[EventCountry "POL"]
[SourceTitle "playchess.com"]
[Source "ChessBase"]
[SourceQuality "1"]
[TimeControl "40/5400+30:1800+30"]

1. e4 c6 2. d4 d5 3. Nc3 dxe4 4. Nxe4 Nf6 5. Nxf6+ exf6 6. c3 Bd6 7. Bd3 O-O 8. Qc2 Re8+ 9. Ne2 h5 10. Be3 Nd7 11. O-O-O Nf8 12. Kb1 Be6 13. c4 b5 14. d5 cxd5 15. c5 Be5 16. f4 Bc7 17. Bxb5 Bg4 18. Bxe8 Qxe8 19. h3 Bxe2 20. Qxe2 Bxf4 21. Rhe1 Be5 22. Bd4 Ng6 23. Bxe5 fxe5 24. Rxd5 Rb8 25. Qc2 Rc8 26. g3 f6 27. Rd6 Nf8 28. c6 Kh8 29. Qc4 Qg6+ 30. Ka1 Qxg3 31. Red1 Qxh3 32. c7 Qg4 33. Qf7 Ne6 34. Qxe6 Qxe6 35. Rxe6 Rxc7 36. Rh1 Kg8 37. Kb1 Kf7 38. Rd6 Kg6 39. Rd2 e4 40. Rd5 f5 41. Rg1+ Kf6 42. Rf1 g6 43. Rd6+ Kg5 44. Rg1+ Kf4 45. Rdxg6 h4 46. Rf1+ Ke5 47. Rg5 Rf7 48. Kc2 a5 49. b3 h3 50. Rh5 h2 51. Kc3 Rc7+ 52. Kd2 Kd4 53. Rfxf5 e3+ 54. Kd1 Ke4 55. Rxa5 Rd7+ 56. Kc1 Rc7+ 57. Kb2 Rf7 58. Rh4+ 1-0

[Event "Cracovia Festival-A 2023"]
[Site "Krakow"]
[Date "2023.12.29"]
[Round "3.49"]
[White "Kazantzoglou, Stefanos"]
[Black "Kaim, Piotr"]
[Result "1-0"]
[ECO "B23"]
[WhiteElo "2152"]
[BlackElo "2127"]
[Annotator "ChessBase"]
[PlyCount "61"]
[EventDate "2023.12.24"]
[EventType "swiss"]
[EventCountry "POL"]
[SourceTitle "playchess.com"]
[Source "ChessBase"]
[SourceQuality "1"]
[TimeControl "40/5400+30:1800+30"]

1. e4 c5 2. Nc3 e6 3. d4 cxd4 4. Qxd4 Nc6 5. Qe3 Nf6 6. Nf3 Qc7 7. h3 a6 8. Bd2 Be7 9. Bd3 d6 10. a3 b5 11. O-O O-O 12. Ne2 Bb7 13. Bc3 Nd7 14. Nfd4 Nce5 15. f4 Nc4 16. Qg3 Bf6 17. Kh1 Kh8 18. Qf3 Rae8 19. b3 g6 20. bxc4 bxc4 21. Rab1 Ba8 22. Bb4 e5 23. Nb3 cxb3 24. cxb3 exf4 25. Nxf4 Ne5 26. Nd5 Qd8 27. Qxf6+ Qxf6 28. Nxf6 Nxd3 29. Nxe8 Rxe8 30. Rxf7 Bxe4 31. Bc3+ 1-0

[Event "Cracovia Festival-A 2023"]
[Site "Krakow"]
[Date "2023.12.29"]
[Round "3.50"]
[White "Krainski, Aleksander"]
[Black "Pniaczek, Marek"]
[Result "0-1"]
[ECO "A40"]
[WhiteElo "2102"]
[BlackElo "2135"]
[Annotator "ChessBase"]
[PlyCount "94"]
[EventDate "2023.12.24"]
[EventType "swiss"]
[EventCountry "POL"]
[SourceTitle "playchess.com"]
[Source "ChessBase"]
[SourceQuality "1"]
[TimeControl "40/5400+30:1800+30"]

1. d4 b5 2. Nf3 Bb7 3. e3 a6 4. c4 bxc4 5. Bxc4 e6 6. Nc3 Nf6 7. O-O d5 8. Be2 Bd6 9. a3 O-O 10. b4 Nbd7 11. Bb2 e5 12. dxe5 Nxe5 13. Rc1 Qe7 14. Na4 Nxf3+ 15. Bxf3 a5 16. Nc5 Bc6 17. Bd4 axb4 18. axb4 Rfb8 19. Qd2 Ne4 20. Bxe4 dxe4 21. Ra1 Qh4 22. g3 Qg4 23. Rxa8 Rxa8 24. Ra1 Rb8 25. Bc3 h5 26. Qd1 Qf5 27. Qd4 Qg6 28. Kh1 Re8 29. Qc4 Qf5 30. Kg1 h4 31. Bd4 Rb8 32. Bc3 Qg4 33. Qd4 Re8 34. Qd1 Qf5 35. Ra5 Qg6 36. Kg2 Rd8 37. Nb3 Bd7 38. Nd4 Bg4 39. Qa1 Be7 40. Ra8 Rxa8 41. Qxa8+ Kh7 42. Qd5 Bd6 43. b5 hxg3 44. hxg3 f5 45. Qe6 Qh5 46. Qd7 f4 47. Nf5 Bf3+ 0-1

[Event "Cracovia Festival-A 2023"]
[Site "Krakow"]
[Date "2023.12.30"]
[Round "4.1"]
[White "Soffer, Ram"]
[Black "Keinanen, Toivo"]
[Result "1/2-1/2"]
[ECO "D31"]
[WhiteElo "2444"]
[BlackElo "2522"]
[Annotator "TA"]
[PlyCount "129"]
[EventDate "2023.12.24"]
[EventType "swiss"]
[EventCountry "POL"]
[SourceTitle "playchess.com"]
[Source "ChessBase"]
[SourceQuality "1"]
[TimeControl "40/5400+30:1800+30"]

1. d4 d5 2. c4 e6 3. Nc3 Be7 4. cxd5 exd5 5. Bf4 Nf6 6. e3 Bf5 7. Nf3 O-O 8. Bd3 Bxd3 9. Qxd3 c6 10. O-O Nbd7 11. h3 Re8 12. Qc2 {[%emt 0:04:31] D35: Queen's Gambit Declined: Exchange Variation.} Nb6 13. Ne5 Bd6 {[%emt 0:03:11] [#]} (13... Nh5 {looks sharper.} 14. Qf5 Nf6 15. Rfe1 g6) 14. Qb3 $146 ({Predecessor:} 14. a4 Nc4 15. Nd3 Bxf4 16. Nxf4 Rc8 17. Rfd1 Nd6 18. Nd3 Nh5 19. Qe2 Qg5 20. Ne5 {0-1 Jouhaneau,J (1919)-Dobias,R (2246) Metz op 24th 2006 (7)}) 14... Qc7 15. Rac1 {[%emt 0:10:37][%cal Oc3b5] [#]} Nc4 $1 {[%emt 0:08:40] Threatening ...Nd2.} 16. Nxc4 (16. Rfd1 Rad8) 16... Bxf4 17. Nd2 {[%emt 0:00:21] [#]} Rxe3 18. fxe3 Bxe3+ 19. Kh1 Bxd2 20. Rc2 Bxc3 21. Rxc3 (21. bxc3 $15 Ne4 22. Kg1) 21... Ne4 $17 22. Re3 Rf8 23. Rfe1 Re8 24. Kg1 Re6 25. a3 h6 26. R3e2 Rg6 27. Rf1 Qd7 28. Rf3 {[%emt 0:05:09] Prevents Ng3} Re6 (28... a5 {with more complications.} 29. Qe3 Qd6 30. Qb3 Qc7) 29. Qd1 Qe7 30. Qe1 Qg5 31. g4 ({White should play} 31. b4) 31... Qe7 {[%emt 0:01:48] aiming for ...Ng5.} 32. Kg2 {[%emt 0:01:21] [#]} (32. Rf4 $17 {is a better defense.}) 32... h5 $1 $19 33. gxh5 Qg5+ 34. Kh2 Qxh5 35. Qf1 {[%emt 0:01:05] [#]} (35. Rfe3 $142) 35... Ng5 $1 36. Rfe3 {[%emt 0:00:20] [#]} Ne4 (36... Re4 $1 $19 {White must now prevent ...f5.} 37. b4 g6) 37. Rf3 $1 $17 Re7 38. Rg2 Qh6 {[%emt 0:00:29] And now ...Nd2 would win.} 39. Rf5 Qd6+ (39... f6 $17 40. Rf4 Kf7) 40. Qf4 $15 Qxf4+ 41. Rxf4 {[%emt 0:00:26][%mdl 4096] Endgame KRR-KRN} f6 42. Re2 Kf7 43. h4 Re8 44. Kg1 Rh8 45. Rg2 Rh5 46. Rfg4 Rh7 47. Rf4 Nd6 48. Rgf2 Rh8 49. Re2 Rh5 50. Ref2 Rh8 51. Re2 $1 Nb5 52. Rh2 Rh5 53. a4 Nc7 54. Rff2 Ne6 55. Rd2 Ke7 56. b4 Kd6 57. b5 Rh8 58. bxc6 {[%emt 0:01:58] The position is equal.} bxc6 59. h5 Ng5 {[%emt 0:01:03] Hoping for ...Nf3+.} 60. Rd3 {[%emt 0:00:47] Prevents Nf3+} Rb8 61. h6 Rb1+ 62. Kg2 Rb2+ 63. Kg1 Rb1+ 64. Kg2 Rb2+ 65. Kg1 {[%emt 0:01:11] And White is the lucky defender.   Weighted Error Value: White=0.10 (very precise) /Black=0.16 (very precise)} 1/2-1/2

[Event "Cracovia Festival-A 2023"]
[Site "Krakow"]
[Date "2023.12.30"]
[Round "4.2"]
[White "Gumularz, Szymon"]
[Black "Sernecki, Franciszek"]
[Result "1-0"]
[ECO "C18"]
[WhiteElo "2576"]
[BlackElo "2325"]
[Annotator "TA"]
[PlyCount "79"]
[EventDate "2023.12.24"]
[EventType "swiss"]
[EventCountry "POL"]
[SourceTitle "playchess.com"]
[Source "ChessBase"]
[SourceQuality "1"]
[TimeControl "40/5400+30:1800+30"]

1. e4 e6 2. d4 d5 3. Nc3 Bb4 4. e5 c5 5. a3 Bxc3+ 6. bxc3 Qa5 7. Bd2 Qa4 8. Qg4 Kf8 9. h4 {[%emt 0:00:50][%cal Bh2h4,Bh4h5][%mdl 32] C18: French: 3 Nc3 Bb4: Main line: 7 h4 and 7 Qg4.} Nc6 10. h5 h6 11. Qf4 {[%emt 0:03:22] White has an edge.} Qxc2 12. dxc5 Qe4+ ({Better is} 12... Nge7 $11) 13. Qxe4 $14 dxe4 {[%emt 0:00:02] [#]} 14. f4 $146 (14. Rh4 $5 ) ({Predecessor:} 14. Bf4 Nge7 15. Ne2 b6 16. c4 Na5 17. Nc3 Ba6 18. Nxe4 Bxc4 19. Bxc4 Nxc4 20. Rc1 {1-0 Vaibhav,S (2591)-Krishna,C (2444) Abu Dhabi op 26th 2019 (4)}) 14... f6 15. Rh4 Nge7 16. exf6 gxf6 17. g4 b6 18. cxb6 axb6 19. Bc4 (19. Bc1 $11 {remains equal.}) 19... Na5 $17 20. Ba2 {[%emt 0:00:26] [#]} Ba6 (20... Nb7 $1 $17 21. Bc4 Nc5) 21. Bxe6 $11 Bc4 22. f5 Bxe6 23. fxe6 Nd5 24. Rd1 {[%emt 0:02:44][%cal Od2h6] Threatens to win with Bxh6+!} Nc7 25. e7+ Kxe7 26. Ne2 Nc4 27. Ng3 Rxa3 28. Bxh6 {[%emt 0:09:34][%mdl 64] g5 would be deadly. Decoy} Rxc3 (28... Ne5 $11 29. Bf4 Nf3+ 30. Kf1 Nd5 31. Nf5+ (31. Rxd5 Nxh4 32. Nxe4 Ra4 $15) 31... Ke6 32. Ng7+ Ke7 33. Nf5+ (33. Rxd5 Ra1+ 34. Kg2 Nxh4+ 35. Kg3 Rg8 $15) 33... Ke6 34. Ng7+ Ke7 35. Nf5+ (35. Rxd5 Ra1+ 36. Kg2 Nxh4+ 37. Kg3 Rh1 $15)) 29. Nxe4 $16 Rf3 {[%emt 0:00:55] [#]} (29... Ne3 $14) 30. Bg7 (30. Ke2 $1 $18 {aiming for Rc1.} Rb3 31. Bg7 Re3+ 32. Kf2 Rxe4 33. Bxh8) 30... Re8 $2 {[%emt 0:00:40][%mdl 8192] Black cannot hold the game after this.} (30... Ra8 $1 $14 31. Bxf6+ (31. g5 fxg5 32. Nxg5 {[%mdl 64] Discovered Attack} Re3+ 33. Kf1 b5 $16) 31... Rxf6 32. Nxf6 Ne3) 31. g5 $18 fxg5 32. Nxg5 {[%emt 0:00:04] White threatens Re4+ and mate.} Re3+ 33. Kf2 Nb2 34. Bxb2 {[%emt 0:00:16] White mates.} Rb3 35. Re4+ Kf8 36. Nh7+ Kg8 37. Nf6+ Kf8 38. Nxe8 Rxb2+ 39. Kg1 Nxe8 40. Rf1+ {[%emt 0:00:00][%mdl 64] Deflection.   Weighted Error Value: White=0.12 (very precise) /Black=0.51} 1-0

[Event "Cracovia Festival-A 2023"]
[Site "Krakow"]
[Date "2023.12.30"]
[Round "4.3"]
[White "Sieciechowicz, Marcin"]
[Black "Puranik, Abhimanyu"]
[Result "1/2-1/2"]
[ECO "E32"]
[WhiteElo "2391"]
[BlackElo "2627"]
[Annotator "TA"]
[PlyCount "84"]
[EventDate "2023.12.24"]
[EventType "swiss"]
[EventCountry "POL"]
[SourceTitle "playchess.com"]
[Source "ChessBase"]
[SourceQuality "1"]
[TimeControl "40/5400+30:1800+30"]

1. d4 Nf6 2. c4 e6 3. Nc3 Bb4 4. Qc2 d6 5. Bd2 O-O 6. a3 Bxc3 7. Bxc3 b6 8. Nf3 Bb7 9. e3 Nbd7 10. Be2 Ne4 11. O-O Nxc3 12. Qxc3 {[%emt 0:00:17] The position is equal.} Qe7 {[%emt 0:00:39] E43: Nimzo-Indian: Rubinstein: 4...b6.} 13. Rfd1 {[%emt 0:00:36] [#]} e5 $146 ({Predecessor:} 13... a5 14. b3 f5 15. Ne1 e5 16. d5 Nf6 17. Qd3 Bc8 18. Nc2 Bd7 19. f4 Rae8 {0-1 Krasenkow,M (2605)-Tazbir,M (2510) POL-chT Ekstraliga 2020 (1.1)}) 14. dxe5 dxe5 15. b4 a5 16. h3 h6 {[%emt 0:01:08] [#]} 17. c5 $1 axb4 18. axb4 {[%emt 0:00:11][%cal Ba3b4,Bb4c5,Bc5c6][%mdl 32] Strongly threatening c6.} Rxa1 19. Rxa1 {[%emt 0:02:38] c6 is the strong threat.} bxc5 20. bxc5 Bxf3 21. Bxf3 Rb8 22. c6 Nf6 23. Rc1 g6 24. g3 Rb5 25. Qd3 Rb6 26. Bg2 Kg7 27. Rd1 Rb8 28. Qc3 h5 29. Rf1 Rb5 30. Rc1 Qd6 31. Qc4 Rb2 32. Qc5 {[%emt 0:03:18] And now Qxd6 would win.} Rb1 {[%emt 0:01:33][%mdl 64] [#] Deflection} 33. Kh2 {[%emt 0:03:26] Black must now prevent Qxd6.} Rxc1 34. Qxc1 $11 {[%emt 0:00:03][%mdl 4096] Endgame KQB-KQN} Ng8 35. Kg1 Ne7 36. g4 h4 37. Qc4 f6 38. Bf3 Ng8 39. Bd5 Ne7 40. Bf3 Kh6 41. Kg2 Kg5 42. Kg1 Kh6 {[%emt 0:04:34] An even fight not without its subleties.   Weighted Error Value: White=0.02 (flawless) /Black=0.01 (flawless)} 1/2-1/2

[Event "Cracovia Festival-A 2023"]
[Site "Krakow"]
[Date "2023.12.30"]
[Round "4.4"]
[White "Cieslak, Patryk"]
[Black "Polak, Tomas"]
[Result "1/2-1/2"]
[ECO "C50"]
[WhiteElo "2284"]
[BlackElo "2517"]
[Annotator "TA"]
[PlyCount "41"]
[EventDate "2023.12.24"]
[EventType "swiss"]
[EventCountry "POL"]
[SourceTitle "playchess.com"]
[Source "ChessBase"]
[SourceQuality "1"]
[TimeControl "40/5400+30:1800+30"]

1. e4 e5 2. Nf3 Nc6 3. Bc4 Nf6 4. d3 Bc5 5. Nc3 d6 6. Bg5 h6 7. Bxf6 Qxf6 8. Nd5 Qd8 9. c3 a6 10. d4 Ba7 11. dxe5 Nxe5 12. Nxe5 {[%emt 0:00:12] C50: Hungarian Defence and Giuoco Pianissimo.} dxe5 13. Qh5 O-O $1 14. Qxe5 {[%emt 0:00:42] The position is equal.} Re8 15. Qf4 {[%emt 0:00:36] And now 0-0-0 would win.} (15. Qxc7 $2 {perishes.} Rxe4+ 16. Kf1 Be6 17. Qxd8+ Rxd8 $19) 15... Be6 {[%emt 0:13:31] [#]} (15... Qd6 $11 16. Qxd6 Rxe4+ 17. Ne3 cxd6) 16. O-O-O $1 $16 {[%emt 0:24:12] White is more active.} Qg5 17. Qxg5 hxg5 18. Bb3 Rac8 19. f3 {[%emt 0:03:01][%cal Bf2f3,Bf3f4][%mdl 32] [#]} g4 $146 ({Predecessor:} 19... c5 20. g3 c4 21. Bc2 f6 22. Rhe1 Kf7 23. Ne3 Rh8 24. Nf5 Rc7 25. Re2 g6 {1-0 Kotronias,V (2440)-Skembris,S (2410) Athens m 1987 (6)}) 20. f4 Bxd5 21. Rxd5 {[%emt 0:01:37] Weighted Error Value: White=0.06 (flawless) /Black=0.10 (very precise)} 1/2-1/2

[Event "Cracovia Festival-A 2023"]
[Site "Krakow"]
[Date "2023.12.30"]
[Round "4.5"]
[White "Janeczko, Jakub"]
[Black "Janik, Igor"]
[Result "0-1"]
[ECO "B12"]
[WhiteElo "2283"]
[BlackElo "2514"]
[Annotator "TA"]
[PlyCount "65"]
[EventDate "2023.12.24"]
[EventType "swiss"]
[EventCountry "POL"]
[SourceTitle "playchess.com"]
[Source "ChessBase"]
[SourceQuality "1"]
[TimeControl "40/5400+30:1800+30"]

1. e4 c6 2. d4 d5 3. e5 Bf5 4. Nc3 e6 5. g4 Bg6 6. Nge2 c5 7. h4 h5 8. Nf4 Bh7 9. Nxh5 (9. g5 $5 ) 9... Nc6 $1 {[%emt 0:01:13] B12: Caro-Kann: Advance Variation.} 10. dxc5 Bxc5 {[%emt 0:01:05] Strongly threatening ...Qb6.} 11. Bg5 $1 {[%emt 0:00:04] 11.Bb5 is vanishing.} Qb6 {[%emt 0:01:06] The position is equal.} 12. Qd2 Qxb2 (12... Nd4 $5 13. O-O-O (13. Nxg7+ Kf8 $17) 13... Bxc2 $17) 13. Rb1 $132 {[%emt 0:00:04][%mdl 2048] White is not holding back} Qxc2 14. Qxc2 Bxc2 15. Rc1 {[%emt 0:00:04] [#]} Bb4 $146 ({Predecessor:} 15... d4 16. Rxc2 dxc3 17. Bb5 Nge7 18. Ke2 Bd4 19. f4 O-O 20. Rd1 a6 21. Bxe7 axb5 22. Bxf8 Kxf8 {1-0 Figueredo Losada,L (2337)-Swiercz,D (2665) American Continental 16th 2022 (11)}) 16. Rxc2 {[%emt 0:02:11] Hoping for Kd1.} d4 $1 {[%emt 0:03:26][%mdl 64] Pin} 17. Bb5 Bxc3+ 18. Ke2 Nge7 19. Nxg7+ Kf8 20. Bf6 {[%emt 0:09:46] A strong pair of Bishops.} d3+ 21. Kxd3 Bxe5 22. Bxe7+ ({Better is} 22. Nxe6+ $1 $11 fxe6 23. Bxh8 Bxh8 24. Bxc6 Nxc6 25. Ke4) 22... Nxe7 $15 ({Don't take} 22... Kxg7 23. Bxc6 bxc6 24. h5 $16 (24. Rxc6 Rac8 $16)) 23. Nh5 Rd8+ 24. Ke2 {[%emt 0:01:13] White is weak on the dark squares} Nd5 {...Nc3+ is the strong threat.} 25. Rd1 (25. Bc4 $15) 25... Ke7 (25... a6 $142 26. Ba4 f5) 26. Kf3 $2 {[%emt 0:02:28][%mdl 8192] White does not recover from this.} (26. Re1 $17 {is tougher.}) 26... f5 $19 {[%emt 0:01:14] [#] aiming for ...fxg4+.} 27. Be2 fxg4+ 28. Kxg4 Rdf8 29. Rxd5 Rhg8+ 30. Kh3 {[%emt 0:00:07] Black has a decisive advantage.} exd5 31. Bg4 Rg6 32. Re2 Kd6 33. f4 {[%emt 0:00:02] Weighted Error Value: White=0.35/Black=0.18 (very precise)} 0-1

[Event "Cracovia Festival-A 2023"]
[Site "Krakow"]
[Date "2023.12.30"]
[Round "4.6"]
[White "Akbas, Umut Ata"]
[Black "Baumegger, Siegfried"]
[Result "1-0"]
[ECO "E41"]
[WhiteElo "2446"]
[BlackElo "2388"]
[Annotator "RC"]
[PlyCount "141"]
[EventDate "2023.12.24"]
[EventType "swiss"]
[EventCountry "POL"]
[SourceTitle "playchess.com"]
[Source "ChessBase"]
[SourceQuality "1"]
[TimeControl "40/5400+30:1800+30"]

1. d4 Nf6 2. c4 e6 3. Nc3 Bb4 4. e3 c5 5. Bd3 Nc6 6. Nf3 O-O 7. O-O Bxc3 8. bxc3 d6 9. e4 e5 10. h3 b6 11. Be3 h6 12. d5 Ne7 13. Nh4 g5 14. Nf3 Ng6 15. h4 Bg4 16. hxg5 Nh5 17. g3 Nhf4 18. gxf4 exf4 19. Bc1 Ne5 20. Be2 Bxf3 21. Bxf3 Qxg5+ 22. Bg2 Kh8 23. f3 Rg8 24. Rf2 Rg6 25. Kf1 Rag8 26. Bh3 Qh5 27. Ke2 Qxh3 28. Bxf4 Rg2 29. Bxe5+ dxe5 30. Qh1 Rxf2+ 31. Kxf2 Qg3+ 32. Ke2 Kh7 33. a4 f5 34. exf5 Qf4 35. Rd1 Qxc4+ 36. Kf2 Qxa4 37. Rd2 Qf4 38. Ke2 Qc4+ 39. Ke3 Qxc3+ 40. Rd3 Qc4 41. Qh2 Qb4 42. Rd2 Qc3+ 43. Ke4 Qb4+ 44. Ke3 c4 45. Qxe5 Qc5+ 46. Kf4 Qg1 47. Ra2 Qg3+ 48. Ke4 Qe1+ 49. Kd4 Qd1+ 50. Kxc4 Rc8+ 51. Kb4 a5+ 52. Kb5 Qd3+ 53. Kxb6 Qb3+ 54. Ka7 Qb4 55. Re2 Rg8 56. Rc2 Rg7+ 57. Ka6 Qb7+ 58. Kxa5 Re7 59. Qd4 Qb8 60. Rc6 Ra7+ 61. Ra6 Qd8+ 62. Kb5 Qe8+ 63. Rc6 Qb8+ 64. Rb6 Qe8+ 65. Kc4 Ra4+ 66. Rb4 Qe2+ 67. Kc5 Ra7 68. d6 Qxf3 69. Qe4 Qc3+ 70. Kb6 Rf7 71. f6+ 1-0